 Dungeon Crawl Stone Soup version 0.21-a0-154-gb5400c9 (webtiles) character file.

54 KristoblXynda the Magician (level 3, -5/31 HPs)
             Began as a Troll Wizard on Aug 2, 2017.
             Slain by a worm (11 damage)
             ... on level 2 of the Dungeon.
             The game lasted 00:02:34 (728 turns).

KristoblXynda the Magician (Troll Wizard)            Turns: 728, Time: 00:02:35

Health: -5/31      AC:  5    Str: 15    XL:     3   Next: 66%
Magic:  5/5        EV:  9    Int: 15    God:
Gold:   49         SH:  0    Dex:  8    Spells: 5/6 levels left

rFire    . . .     SeeInvis .     - Unarmed
rCold    . . .     Gourm    +   (no shield)
rNeg     . . .     Faith    .   a - +0 robe
rPois    .         Spirit   .   b - +0 hat
rElec    .         Reflect  .   (no cloak)
rCorr    .         Harm     .   (gloves unavailable)
MR       .....                  (boots unavailable)
Stlth    +.........             (no amulet)
HPRegen  0.50/turn              (no ring)
MPRegen  0.09/turn              (no ring)

@: no status effects
A: unfitting armour, claws 3, fast metabolism 3, gourmand, regeneration 1,
shaggy fur 1, tough skin 2
a: no special abilities


You were on level 2 of the Dungeon.
You were very full.

You visited 1 branch of the dungeon, and saw 2 of its levels.

You collected 49 gold pieces.

Inventory:

Missiles
 m - 5 javelins of returning (quivered)
Armour
 a - a +0 robe (worn)
 b - a +0 hat (worn)
Scrolls
 e - 4 scrolls of identify {unknown}
 h - a scroll of blinking {unknown}
 i - 2 scrolls of immolation {unknown}
 n - 2 scrolls of enchant weapon {unknown}
 p - a scroll of magic mapping {unknown}
 q - a scroll of fog {unknown}
Potions
 g - a potion of flight {unknown}
 j - a potion of heal wounds {unknown}
 k - a potion of invisibility {unknown}
 l - a potion of haste {unknown}
 r - a potion of berserk rage {unknown}
 s - a potion of magic {unknown}
 t - a potion of degeneration {unknown}
Books
 c - a book of Minor Magic

   Spells                             Type                      Level
   a - Magic Dart                     Conjuration                  1
   b - Blink                          Translocation                2
   c - Call Imp                       Summoning                    2
   d - Slow                           Hexes                        2
   e - Conjure Flame                  Conjuration/Fire             3
   f - Mephitic Cloud                 Conjuration/Poison/Air       3
Comestibles
 d - 2 bread rations
 f - 4 fruits
 o - 3 meat rations


   Skills:
 - Level 1.5 Dodging
 - Level 1.0 Stealth
 + Level 2.4 Unarmed Combat
 + Level 2.4 Spellcasting
 - Level 0.6 Conjurations
   Level 0.6 Summonings
   Level 0.6 Translocations


You had 5 spell levels left.
You knew the following spells:

 Your Spells              Type           Power        Failure   Level  Hunger
a - Magic Dart            Conj           #...         17%         1    #......


Dungeon Overview and Level Annotations

Branches:
Dungeon (2/15)

Altars:


Innate Abilities, Weirdness & Mutations

You are too large for most types of armour.
You have claws for hands.
Your metabolism is lightning-fast.
You like to eat raw meat.
Your natural rate of healing is unusually fast.
You are covered in fur. (AC +1)
You have very tough skin. (AC +2)


Message History

The hobgoblin hits you but does no damage.
You claw the hobgoblin!
You kill the hobgoblin!
The worm bites you!
Things that are here:
a dagger; a jackal corpse x2
You barely miss the worm. You scratch the worm.
The worm is moderately wounded.
The worm bites you!
* * * LOW HITPOINT WARNING * * *
You scratch the worm but do no damage.
The worm is moderately wounded.
The worm closely misses you.
You scratch the worm but do no damage.
The worm is lightly wounded.
You claw the worm!
The worm is severely wounded.
The worm bites you!
You die...

#####.....................#
#..................# ..
##............#.?#.## ..#
#..........##......###.#
##......#..#....##..#g.#
#...##......#..###...####
#...###..................
#........###...#.....##
#.#........@w)..)(.##...
...........####.............
...........###.....###.......
.......###....)....# (......
....... #####....## .......
.....!. ###### #...[..
....... #...## ...!. ####


You could see a worm.

Vanquished Creatures
  An ooze (D:2)
  2 worms (D:2)
  2 dart slugs
  A leopard gecko (D:1)
  3 bats (D:1)
  2 giant cockroaches
  4 goblins
  4 hobgoblins
  4 jackals (D:2)
  7 kobolds
  A quokka (D:2)
  A frilled lizard (D:2)
  4 rats (D:1)
36 creatures vanquished.

Notes
Turn   | Place    | Note
-------+----------+-------------------------------------------
     0 | D:1      | KristoblXynda the Troll Wizard began the quest for the Orb.
     0 | D:1      | Reached XP level 1. HP: 16/16 MP: 2/2
    70 | D:1      | Reached skill level 1 in Unarmed Combat
   128 | D:1      | Reached XP level 2. HP: 24/24 MP: 4/4
   598 | D:2      | Reached XP level 3. HP: 31/31 MP: 5/5
   728 | D:2      | Slain by a worm

Vault maps used:
D:1:      lightli_arrival_statue_moat
D:2:      yredelemnul_forgotten_temple_becter, marbit_many_paths,
          zin_scriptorium

Skill      XL: |  1  2  3 |
---------------+----------+-----
Unarmed Combat | 1 2 |  2.4
Dodging        | |  1.5
Stealth        | |  1.0
Spellcasting   | |  2.4
Conjurations   | |  0.6
Summonings     | |  0.6
Translocations | |  0.6

Action                   || total
-------------------------++-------
Melee: Unarmed           ||   126
       Punch             ||     1
 Cast: Magic Dart        ||     1
  Eat: Chunk             ||    10
Armor: Robe              ||    71
Dodge: Dodged            ||   101
